 Dungeon Crawl Stone Soup version 0.31-a0-978-g1e143483b6 (webtiles) character file.

Game seed: 6009381948569751740

1318 sammy202020 the Ruffian (level 8, -3/54 HPs)
             Began as a Demonspawn Shapeshifter on Oct 30, 2023.
             Was a Follower of Hepliaklqana.
             Slain by a killer bee (6 damage)
             ... on level 6 of the Dungeon.
             The game lasted 00:09:19 (5346 turns).

sammy202020 the Ruffian (Demonspawn Shapeshifter)   Turns: 5346, Time: 00:09:19

Health: -3/54      AC: 10    Str: 16    XL:     8   Next: 33%
Magic:  17/17      EV:  8    Int: 13    God:    Hepliaklqana [*.....]
Gold:   2045       SH:  0    Dex: 12    Spells: 7/7 levels left

rFire   . .          .
                       - Unarmed
rCold   . . .        (no shield)
rNeg    + . .        x - +1 chain mail
rPois   .            (helmet currently unavailable)
rElec   .            (cloak currently unavailable)
rCorr   .            (gloves currently unavailable)
SInv    .            (boots currently unavailable)
Will    .....        e - amulet of regeneration Stlth
                     h - ring of magical power
HPRegen 1.09/turn    y - ring of positive energy
MPRegen 0.15/turn

%: no passive effects
@: lethally poisoned (-3 -> -4), beast-form
A: beast (slay +2), reduced essence, demonic guardian 1, ignite blood 2, demonic
touch 1
a: Begin Untransformation, Renounce Religion, Recall Ancestor, Ancestor Identity


You were on level 6 of the Dungeon.
You worshipped Hepliaklqana.
Hepliaklqana was aware of your devotion.
You were a hulking beast.
You visited 2 branches of the dungeon, and saw 8 of its levels.

You collected 2045 gold pieces.

Inventory:

Hand Weapons
 v - the +4 orcbow of Egrezuhu {heavy, rF++ Str+3}
   (You found it on level 2 of the Dungeon)

   Str+3:     It affects your strength (+3).
   rF++:      It greatly protects you from fire.
Missiles
 u - 3 poisoned darts
 w - 4 atropa-tipped darts (quivered)
 C - a throwing net
Armour
 x - a +1 chain mail (worn)
Jewellery
 e - an amulet of regeneration (around neck)
 h - a ring of magical power (left hand)
 o - an amulet of the acrobat
 r - a ring of wizardry
 t - a ring of resist corrosion
 y - a ring of positive energy (right hand)
Talismans
 c - a beast talisman
 d - a flux talisman
Wands
 D - a wand of roots (2)
Scrolls
 g - a scroll of blinking
 j - 2 scrolls of amnesia
 k - 2 scrolls of teleportation
 l - a scroll of vulnerability
 m - 3 scrolls of fog
 n - a scroll of immolation
 q - 2 scrolls of revelation
 s - a scroll of poison
 B - a scroll of enchant armour
Potions
 a - 2 potions of magic
 b - 2 potions of lignification
 f - 2 potions of brilliance {unknown}
 i - 3 potions of curing
 p - a potion of degeneration {unknown}
 z - a potion of enlightenment {unknown}
 A - 2 potions of might {unknown}
 E - a potion of invisibility {unknown}
 G - a potion of attraction {unknown}


   Skills:
 * Level 4.8 Fighting
 * Level 4.0 Armour
 * Level 4.6 Dodging
 * Level 5.1 Unarmed Combat
 + Level 3.9 Shapeshifting


You had 7 spell levels left.
You didn't know any spells.
Your spell library contained the following spells:

 Spells                   Type           Power      Damage    Failure   Level
 Freeze                   Ice            0%         1d3       98%         1
 Magic Dart               Conj           0%         1d3       98%         1
 Call Imp                 Summ           0%         N/A       99%         2
 Sublimation of Blood     Necr           0%         N/A       99%         2
 Wereblood                Tmut           0%         N/A       99%         2
 Frozen Ramparts          Ice            0%         1d1       100%        3
 Hailstorm                Conj/Ice       0%         3d3       100%        3
 Mephitic Cloud           Conj/Pois/Air  0%         N/A       100%        3
 Ozocubu's Armour         Ice            0%         N/A       100%        3
 Alistair's Intoxication  Tmut/Pois      0%         N/A       100%        5
 Borgnjor's Vile Clutch   Necr/Erth      0%         N/A       100%        5
 Eringya's Noxious Bog    Tmut/Pois      0%         4d6       100%        6
 Ozocubu's Refrigeration  Ice            0%         4d7       100%        7
 Summon Hydra             Summ           0%         N/A       100%        7


Dungeon Overview and Level Annotations

Branches:
Dungeon (7/15)             Temple (1/1) D:4

Altars:
Ashenzari
Cheibriados
Dithmenos
Gozag
Hepliaklqana
Kikubaaqudgha
Makhleb
Okawaru
Qazlal
Ru
Trog
Uskayaw
Vehumet
Wu Jian
Xom


Innate Abilities, Weirdness & Mutations

You are a hulking beast.
Your limbs bulge with bestial killing power. (Slay +2)
Your life essence is reduced to manifest your ancestor. (-10% HP)
A weak demonic guardian rushes to your aid.
Your demonic aura often causes spilled blood to erupt in flames.
Your touch may inflict minor irresistible damage on your foes.


Message History

Ku-aya misses the killer bee.
The killer bee closely misses Ku-aya.
The killer bee stings Ku-aya.
Ku-aya is destroyed!
The killer bee stings you but does no damage.
You barely miss the killer bee.
The killer bee is heavily wounded.
The killer bee stings you!
You are poisoned.
The killer bee poisons you!
The killer bee stings you but does no damage.
You barely miss the killer bee.
The killer bee is heavily wounded.
You feel very sick. The killer bee barely misses you.
You barely miss the killer bee. Your touch misses the killer bee.
The killer bee is heavily wounded.
You feel sick. The killer bee stings you.
* * * LOW HITPOINT WARNING * * *
You are more poisoned.
The killer bee poisons you! The killer bee barely misses you.
You feel very sick.
You feel very sick.
Okay, then.
You feel very sick.
You feel sick.
You feel sick.
You feel sick.
You feel sick.
You feel sick.
You hit the killer bee.
The killer bee is severely wounded.
You feel sick.
The killer bee stings you but does no damage.
The killer bee stings you.
* * * LOW HITPOINT WARNING * * *
A demonic guardian appears!
You feel sick.
The killer bee attacks as it pursues you!
The killer bee stings you.
You die...

##.##.####.....# #.#
##.##.# #.....# #.#
).....# ####### #.#
##.#### #.# #.# ### #y#
#.# ##.## #y# #.#
##.#.## #.#
##.#####.#...#########.#
#..............5hy.y...#
...#######.#############
#.## ### #.#### .....#
..#..# .....# .#...#
.....#


You could see 2 killer bees and a friendly white imp (summoned).

Vanquished Creatures
  The ghost of Gormless the Shooter, an amateur HOHu (D:4)
  An ogre (D:5)
  A centaur (D:6)
  A gnoll sergeant (D:6)
  2 scorpions
  2 killer bees (D:6)
  2 gnoll boudas
  An orc priest (D:6)
  Jessica (D:2)
  6 iguanas
  2 orc wizards (D:6)
  14 gnolls
  5 adders
  A shadow imp (D:6)
  2 white imps
  2 ufetubi (D:6)
  14 orcs
  4 bats
  6 endoplasms
  2 giant cockroaches (D:1)
  5 goblins
  4 hobgoblins
  4 jackals (D:1)
  2 quokkas
  4 ball pythons
  3 frilled lizards
  8 kobolds
  4 rats
  A spectral goblin (D:1)
105 creatures vanquished.

Vanquished Creatures (collateral kills)
  An ice beast (D:7)
  An orc wizard (D:3)
  2 gnolls
  6 orcs
  A kobold (D:3)
  A bat (D:3)
12 creatures vanquished.

Vanquished Creatures (others)
  3 ancestors
3 creatures vanquished.

Grand Total: 120 creatures vanquished

Notes
Turn   | Place    | Note
-------+----------+-------------------------------------------
     0 | D:1      | sammy202020 the Demonspawn Shapeshifter began the quest for
                  | the Orb.
     0 | D:1      | Reached XP level 1. HP: 15/15 MP: 1/1
   157 | D:1      | Gained mutation: A weak demonic guardian rushes to your
                  | aid. [demonic ancestry]
   157 | D:1      | Reached XP level 2. HP: 21/21 MP: 2/2
   373 | D:1      | Found a faded altar of an unknown god.
   890 | D:2      | Reached XP level 3. HP: 26/26 MP: 3/3
   910 | D:2      | Noticed Jessica
   916 | D:2      | Killed Jessica
   917 | D:2      | Reached skill level 1 in Armour
   917 | D:2      | Reached skill level 3 in Unarmed Combat
  1164 | D:2      | Identified the +4 orcbow of Egrezuhu {heavy, rF++ Str+3}
  1315 | D:3      | Gained mutation: Your demonic aura sometimes causes spilled
                  | blood to erupt in flames. [demonic ancestry]
  1315 | D:3      | Reached XP level 4. HP: 29/33 MP: 4/4
  1541 | D:3      | Found a hide-covered altar of Uskayaw.
  1754 | D:3      | Identified a scroll of acquirement
  1760 | D:3      | Acquired 535 gold pieces
  2230 | D:4      | Found a staircase to the Ecumenical Temple.
  2262 | D:4      | Gained mutation: Your touch may inflict minor irresistible
                  | damage on your foes. [demonic ancestry]
  2262 | D:4      | Reached XP level 5. HP: 36/39 MP: 5/5
  2602 | D:4      | Identified the +0 robe of the Original Sin {Will+}
  2774 | D:4      | Found a runed translucent door.
  2781 | D:4      | Noticed Gormless's ghost (amateur HOHu)
  2810 | D:4      | Killed Gormless's ghost
  2811 | D:4      | Gained mutation: Your demonic aura often causes spilled
                  | blood to erupt in flames. [demonic ancestry]
  2811 | D:4      | Reached XP level 6. HP: 23/47 MP: 6/6
  3342 | Temple   | Entered the Ecumenical Temple
  3357 | Temple   | Became a worshipper of Hepliaklqana the Forgotten
  3435 | D:5      | Entered Level 5 of the Dungeon
  3486 | D:5      | Reached skill level 4 in Unarmed Combat
  3707 | D:5      | Reached XP level 7. HP: 52/52 MP: 7/7
  4106 | D:5      | Found a burning altar of Makhleb.
  4107 | D:5      | Noticed a blizzard demon
  4107 | D:5      | Noticed an angel
  4138 | D:5      | Found an ornate altar of the Wu Jian Council.
  4493 | D:6      | Reached * piety under Hepliaklqana
  4699 | D:6      | Reached XP level 8. HP: 54/54 MP: 8/8
  5053 | D:6      | Acquired 1225 gold pieces
  5140 | D:7      | Reached skill level 5 in Unarmed Combat
  5346 | D:6      | Slain by a killer bee

Illustrated notes

Levels and vault maps discovered:
D:1:      tarquinn_simple_flora_water_f, layout_loops_ring,
          dreamdust_ecumenical_altar_drowned_temple
D:2:      layout_rooms, chequers_hall_statues_wall_a, uniq_jessica
D:3:      layout_rooms, mainiacjoe_overflow_alcove_2
D:4:      layout_layer_cave, minmay_temple_entry_overgrown,
          portal_sewer_entry_d, ebering_ghost_sewer_d
D:5:      layout_gridville, grunt_temple_overflow_order_and_chaos_2,
          nicolae_overflow_crystal_walls, chequers_mini_garden
D:6:      layout_loops_cross, dreamdust_wishing_well
D:7:      layout_basic, amcnicky_altar_gilded, serial_shops, shop,
          kennysheep_generic_room_6, uniq_jeremiah, uniq_prince_ribbit1
Temple:   compressed_dpeg_circular_temple

Skill      XL: |  1  2  3  4  5  6  7  8 |
---------------+-------------------------+-----
Dodging        | 2 3 4 |  4.6
Armour         | 1 2 3 4 |  4.0
Unarmed Combat | 3 4 5 |  5.1
Fighting       | 2 3 4 |  4.8
Shapeshifting  | 3 |  3.9

Action                     |  1- 3 |  4- 6 |  7- 9 || total
---------------------------+-------+-------+-------++-------
  Melee: Unarmed           |   119 |   142 |   115 ||   376
         Punch             |     2 |     2 |     3 ||     7
         Touch             |       |    11 |    16 ||    27
    Use: Scroll            |       |    11 |     2 ||    13
         Potion            |       |       |     2 ||     2
 Armour: Animal skin       |    47 |     4 |       ||    51
         Chain mail        |       |    98 |   126 ||   224
  Dodge: Dodged            |    84 |    67 |    70 ||   221

Table legend: (Time is in decaauts)
 A = Elapsed time spent in this place.
 B = Non-inter-level travel time spent in this place.
 C = Inter-level travel time spent in this place.
 D = Time resting spent in this place.
 E = Time spent auto-exploring this place.
 F = Levels seen in this place.
 G = Mean time per level.
                   A        B        C        D        E       F      G
               +--------+--------+--------+--------+--------+-----+--------+
         Total |   5331 |   5169 |    162 |    655 |   3451 |   8 |  666.4 |
       Dungeon |   5295 |   5133 |    162 |    655 |   3451 |   7 |  756.4 |
        Temple |     35 |     35 |      0 |      0 |      0 |   1 |   35.0 |
               +--------+--------+--------+--------+--------+-----+--------+

Top non-repeatable levels by time:
     D:4: 1414 daAuts
     D:5: 893 daAuts
     D:6: 840 daAuts
     D:1: 785 daAuts
     D:3: 686 daAuts
     D:2: 509 daAuts
     D:7: 165 daAuts
  Temple: 35 daAuts
